 Dungeon Crawl Stone Soup version 0.28-a0-657-g71136c5590 (webtiles) character file.

Game seed: 4087218250900152171

30 KristoblXynda the Slasher (level 3, -3/30 HPs)
             Began as a Draconian Gladiator on Oct 13, 2021.
             Slain by a hobgoblin (5 damage)
             ... led by Robin
             ... on level 2 of the Dungeon.
             The game lasted 00:01:03 (968 turns).

KristoblXynda the Slasher (Draconian Gladiator)      Turns: 968, Time: 00:01:03

Health: -3/30      AC:  5    Str: 17    XL:     3   Next: 3%
Magic:  3/3        EV: 12    Int:  8    God:
Gold:   41         SH:  0    Dex: 12    Spells: 2/2 levels left

rFire   . . .      SeeInvis .   e - +2 short sword (speed)
rCold   . . .      Faith    .   (no shield)
rNeg    . . .      Spirit   .   (armour unavailable)
rPois   .          Reflect  .   b - +0 hat
rElec   .          Harm     .   (no cloak)
rCorr   .          Rampage  .   (no gloves)
Will    .....                   (no boots)
Stlth   +.........              (no amulet)
HPRegen 0.10/turn               (no ring)
MPRegen 0.08/turn               (no ring)

@: no status effects
A: AC +5, unfitting armour, cold-blooded
a: no special abilities


You were on level 2 of the Dungeon.
You visited 1 branch of the dungeon, and saw 2 of its levels.

You collected 41 gold pieces.

Inventory:

Hand Weapons
 a - a +0 long sword
 e - a +2 short sword of speed (weapon)
Missiles
 c - 3 throwing nets (quivered)
Armour
 b - a +0 hat (worn)
Scrolls
 d - a scroll of vulnerability {unknown}


   Skills:
 + Level 2.6 Fighting
 * Level 3.5 Long Blades
 - Level 2.0 Throwing
 + Level 3.0 Dodging


You had 2 spell levels left.
You didn't know any spells.
Your spell library was empty.

Dungeon Overview and Level Annotations

Branches:
Dungeon (2/15)

Altars:

Annotations:
D:2 Robin


Innate Abilities, Weirdness & Mutations

Your plain brown scales are hard. (AC +5)
You cannot fit into any form of body armour.
You are cold-blooded and may be slowed by cold attacks.


Message History

The goblin is severely wounded.
The goblin hits you with a +1 dagger of speed.
* * * LOW HITPOINT WARNING * * *
You hit the goblin.
You kill the goblin!
Robin throws the goblin at you! The goblin misses you.
You have reached level 3!
Your experience leads to an increase in your attributes!
Increase (S)trength, (I)ntelligence, or (D)exterity?
You feel stronger.
Your scales feel tougher.
A hobgoblin comes into view.
The hobgoblin shouts!
The hobgoblin misses you. Robin barely misses you.
You hit the goblin.
The goblin is heavily wounded.
The hobgoblin hits you.
* * * LOW HITPOINT WARNING * * *
Robin throws the goblin at you! The goblin closely misses you.
You aren't carrying any potions.
You closely miss the goblin.
The goblin is heavily wounded.
The goblin hits you with a +0 club.
* * * LOW HITPOINT WARNING * * *
You closely miss the goblin. You tail-slap the goblin.
You kill the goblin!
The hobgoblin hits you but does no damage.
Robin closely misses you.
You hit the hobgoblin.
The hobgoblin is moderately wounded.
The hobgoblin closely misses you.
You hit the hobgoblin but do no damage.
The hobgoblin is moderately wounded.
Robin roars a battlecry!
The hobgoblins go into a battle-frenzy!
The hobgoblin hits you.
* * * LOW HITPOINT WARNING * * *
You hit the hobgoblin.
The hobgoblin is heavily wounded.
The hobgoblin hits you.
You die...

#.# .# #.# #.# #.#
#.# #.# #.# #.# #.#
# #.# #.#.# #.#
#.###g#.# #.#
#...@g..# #.#
#####g###########.#
#.))).........#
###############


You could see Robin and 2 hobgoblins.

Vanquished Creatures
  5 bats
  An endoplasm (D:2)
  A giant cockroach (D:1)
  8 goblins
  A hobgoblin (D:1)
  2 ball pythons (D:1)
  2 frilled lizards (D:1)
  3 kobolds (D:1)
  3 rats (D:1)
26 creatures vanquished.

Notes
Turn   | Place    | Note
-------+----------+-------------------------------------------
     0 | D:1      | KristoblXynda the Draconian Gladiator began the quest for
                  | the Orb.
     0 | D:1      | Reached XP level 1. HP: 17/17 MP: 1/1
   236 | D:1      | Reached XP level 2. HP: 25/25 MP: 2/2
   565 | D:1      | Found a faded altar of an unknown god.
   947 | D:2      | Noticed Robin
   961 | D:2      | Reached XP level 3. HP: 8/30 MP: 3/3
   968 | D:2      | Slain by a hobgoblin

Illustrated notes

Levels and vault maps discovered:
D:1:      ebering_hopf_link, layout_loops_ring, ebering_ecumenical_altar_mist
D:2:      layout_basic, serial_bayou_lagoon_a, corexii_corridor_pit, uniq_robin

Skill      XL: |  1  2 |
---------------+-------+-----
Throwing       | 2 |  2.0
Dodging        | 3 |  3.0
Fighting       | |  2.6
Long Blades    | |  3.5

Action                   || total
-------------------------++-------
Melee: Long sword        ||    35
       Tailslap          ||     9
       Short sword       ||    34
 Stab: Sleeping          ||     2
Armor: Skin              ||    28
Dodge: Dodged            ||    33

Table legend: (Time is in decaauts)
 A = Elapsed time spent in this place.
 B = Non-inter-level travel time spent in this place.
 C = Inter-level travel time spent in this place.
 D = Time resting spent in this place.
 E = Time spent auto-exploring this place.
 F = Levels seen in this place.
 G = Mean time per level.
                   A        B        C        D        E       F      G
               +--------+--------+--------+--------+--------+-----+--------+
         Total |    964 |    955 |      9 |      0 |    800 |   2 |  482.0 |
       Dungeon |    964 |    955 |      9 |      0 |    800 |   2 |  482.0 |
               +--------+--------+--------+--------+--------+-----+--------+

Top non-repeatable levels by time:
     D:1: 738 daAuts
     D:2: 226 daAuts
